 Dungeon Crawl Stone Soup version 0.29.1-12-g30fa7ad0bf (webtiles) character file.

Game seed: 672858383734863058

777 KittyFluff the Covered (level 7, -5/66 HPs)
             Began as a Gargoyle Berserker on Jan 12, 2023.
             Was a Priest of Trog.
             Slain by an orc warrior
             ... wielding a +0 glaive
              (11 damage)
             ... on level 6 of the Dungeon.
             The game lasted 00:21:25 (4987 turns).

KittyFluff the Covered (Gargoyle Berserker)         Turns: 4987, Time: 00:21:26

Health: -5/66      AC: 12    Str: 21    XL:     7   Next: 84%
Magic:  7/7        EV: 12    Int: 11    God:    Trog [***...]
Gold:   229        SH:  6    Dex: 11    Spells: 6/6 levels left

rFire   . . .      SeeInvis .   t - +0 flail
rCold   . . .      Faith    .   H - +2 buckler
rNeg    + . .      Spirit   .   o - +1 leather armour of Inquiry {Rampage Will+ Int+4}
rPois   ∞          Reflect  .   f - +2 hat
rElec   +          Harm     .   C - +0 cloak
rCorr   .          Rampage  +   (no gloves)
Will    +....                   (no boots)
Stlth   ..........              y - amulet of regeneration
HPRegen 1.01/turn               (no ring)
MPRegen 0.10/turn               (no ring)

@: berserking, very quick
A: sickness immunity, AC +4, negative energy resistance 1, electricity
resistance, torment resistance 1, petrification resistance
a: Renounce Religion, Berserk, Trog's Hand


You were on level 6 of the Dungeon.
You worshipped Trog.
Trog was most pleased with you.
You visited 1 branch of the dungeon, and saw 6 of its levels.

You collected 229 gold pieces.

Inventory:

Hand Weapons
 a - a +0 mace
 t - a +0 flail (weapon)
Missiles
 e - 64 stones (quivered)
 l - 5 boomerangs
 x - 3 boomerangs of dispersal
Armour
 b - a +0 ring mail
 f - a +2 hat (worn)
 o - the +1 leather armour of Inquiry (worn) {Rampage Will+ Int+4}
   (You found it on level 2 of the Dungeon)

   Int:       It affects your intelligence (+4).
   Rampage:   It bestows one free step when moving towards enemies.
   Will:      It increases your willpower.
 v - a +2 robe of willpower
 A - a +0 scale mail
 C - a +0 cloak (worn)
 H - a +2 buckler (worn)
Jewellery
 w - a ring of ice
 y - an amulet of regeneration (around neck)
Wands
 D - a wand of digging (9)
 G - a wand of flame (12)
Scrolls
 c - 4 scrolls of enchant weapon {unknown}
 d - 2 scrolls of vulnerability {unknown}
 g - 3 scrolls of immolation {unknown}
 h - a scroll of torment {unknown}
 m - 3 scrolls of fear {unknown}
 n - a scroll of poison {unknown}
 q - 3 scrolls of silence {unknown}
 s - a scroll of enchant armour {unknown}
 u - 2 scrolls of teleportation {unknown}
 z - a scroll of magic mapping {unknown}
 F - a scroll of amnesia {unknown}
Potions
 i - 2 potions of mutation
 j - 7 potions of curing
 p - 3 potions of flight
 r - 4 potions of ambrosia
 B - 3 potions of heal wounds
 E - 2 potions of might {unknown}


   Skills:
 + Level 5.0 Fighting
 + Level 4.5 Maces & Flails
 * Level 5.8 Armour
 + Level 3.2 Dodging
 + Level 3.2 Shields


You had 6 spell levels left.
You didn't know any spells.
Your spell library was empty.

Dungeon Overview and Level Annotations

Branches:
Dungeon (6/15)
 Temple: D:4-7

Altars:
Dithmenos
Hepliaklqana
Nemelex Xobeh
Qazlal
Ru
Trog
Vehumet
Xom

Shops:
D:3 [   D:5 :


Innate Abilities, Weirdness & Mutations

You are immune to sickness and miasma.
Your stone body is resilient. (AC +4)
You are immune to poison.
You resist negative energy. (rN+)
You are resistant to electric shocks. (rElec)
You are resistant to unholy torment.
You are immune to petrification.


Message History

The orc warrior barely misses you.
You barely miss the orc wizard.
The orc wizard hits you but does no damage.
The orc warrior hits you from afar with a +0 glaive.
The orc warrior hits you but does no damage.
The orc wizard hits you but does no damage.
You closely miss the orc wizard. The orc wizard closely misses you.
The orc warrior closely misses you.
You sock the orc wizard!
The orc wizard is severely wounded.
The orc wizard points at you and mumbles some strange words.
The magic dart hits you. The orc warrior barely misses you.
You barely miss the orc wizard.
The orc wizard is severely wounded.
The orc wizard closely misses you. The orc warrior closely misses you.
You thump the orc wizard!
You kill the orc wizard!
Trog accepts your kill.
Trog appreciates your killing of a magic user.
The orc warrior barely misses you.
The orc warrior hits you from afar with a +0 glaive!!
You block the orc's attack.
A red film seems to cover your vision as you go berserk!
You feel yourself moving faster!
You feel mighty! The orc hits you but does no damage.
The orc warrior hits you from afar with a +0 glaive!
* * * LOW HITPOINT WARNING * * *
You closely miss the orc. The orc closely misses you.
You block the orc warrior's attack.
You barely miss the orc. You sock the orc!
You kill the orc!
Trog accepts your kill.
The orc warrior hits you from afar with a +0 glaive!
* * * LOW HITPOINT WARNING * * *
You barely miss the phantom. You block the orc warrior's attack.
The phantom barely misses you.
You closely miss the phantom.
The orc warrior hits you from afar with a +0 glaive!
You die...

##.# #..# ..... #.##
..... #.# ..?... #[#
<..... #.# #......
#.# ....... #.#
####....... #.#
#####.@Wo......
#.####.....##.......
#..##..##### .......
####..#.#### #......
#..........# #.....
#..........# #####
#...<......#
############


You could see an orc warrior and a phantom.

Vanquished Creatures
  A black bear (D:5)
  2 scorpions (D:5)
  4 hounds
  3 orc priests (D:5)
  Jessica (D:3)
  6 orc wizards
  A gnoll (D:1)
  6 adders
  A shadow imp (D:6)
  3 ufetubi (D:4)
  2 worms
  10 orcs
  2 ball pythons (D:4)
  10 endoplasms
  6 giant cockroaches
  6 goblins
  8 hobgoblins
  7 jackals
  4 quokkas
  4 bats
  3 frilled lizards
  3 kobolds
  6 rats
99 creatures vanquished.

Notes
Turn   | Place    | Note
-------+----------+-------------------------------------------
     0 | D:1      | KittyFluff the Gargoyle Berserker began the quest for the
                  | Orb.
     0 | D:1      | Reached XP level 1. HP: 14/14 MP: 1/1
   580 | D:1      | Reached XP level 2. HP: 18/19 MP: 2/2
   780 | D:1      | Reached XP level 3. HP: 12/23 MP: 3/3
  1218 | D:2      | Identified the +1 leather armour of Inquiry {Rampage Will+
                  | Int+4}
  1403 | D:2      | Reached ** piety under Trog
  1494 | D:2      | Found a faded altar of an unknown god.
  1517 | D:2      | Found a bloodstained altar of Trog.
  1767 | D:3      | Reached XP level 4. HP: 29/29 MP: 4/4
  1884 | D:3      | Noticed Jessica
  1892 | D:3      | Killed Jessica
  1893 | D:3      | Reached skill level 1 in Shields
  2272 | D:3      | Found a shimmering altar of Xom.
  2272 | D:3      | Found a shimmering altar of Xom.
  2292 | D:3      | Found a shimmering altar of Xom.
  2404 | D:3      | Found Reomeokk's Armour Emporium.
  2575 | D:3      | Found a radiant altar of Vehumet.
  2707 | D:3      | Reached XP level 5. HP: 33/33 MP: 5/5
  3684 | D:4      | Reached XP level 6. HP: 38/38 MP: 6/6
  3887 | D:4      | Reached *** piety under Trog
  3894 | D:4      | Found a sacrificial altar of Ru.
  4031 | D:5      | Entered Level 5 of the Dungeon
  4083 | D:5      | Found a hazy altar of Hepliaklqana.
  4151 | D:5      | Found a stormy altar of Qazlal.
  4151 | D:5      | Found a shadowy altar of Dithmenos.
  4154 | D:5      | Found a sparkling altar of Nemelex Xobeh.
  4218 | D:5      | Found Jaogyit's Book Emporium.
  4498 | D:5      | Noticed a black bear
  4515 | D:5      | Killed a black bear
  4516 | D:5      | Reached XP level 7. HP: 31/44 MP: 7/7
  4544 | D:5      | Reached skill level 5 in Armour
  4547 | D:5      | HP: 3/66 [orc priest/divine providence (13)]
  4686 | D:5      | Identified the +5 rapier of Slow Death {drain, rElec rPois
                  | Int+8 Dex-4}
  4837 | D:5      | Reached skill level 5 in Fighting
  4987 | D:6      | Slain by an orc warrior

Illustrated notes

Levels and vault maps discovered:
D:1:      nicolae_arrival_washed_ashore, layout_loops_corners,
          hangedman_decor_points
D:2:      layout_rooms, nicolae_ecumenical_oubliette, basic_altar, hex_large,
          minmay_misc_feat_columns
D:3:      kb_forest_paths, layout_basic, xom_redecorated,
          mainiacjoe_overflow_surrounded_room, serial_shops, shop_statue,
          uniq_jessica
D:4:      layout_basic, nicolae_ru_awakened_eye, palyth_stone_intersect,
          st_stairs_9, minmay_misc_feat_tower, feat_on_display
D:5:      layout_loops_ring, chequers_temple_overflow_statue_of_worship,
          lemuel_tele_altar, serial_shops, nicolae_shop_behind_doors,
          abandoned_shop, nrook_loot_triangle
D:6:      nicolae_cairo_tiling_large, layout_rooms, minmay_temple_entry_statues

Skill      XL: |  1  2  3  4  5  6  7 |
---------------+----------------------+-----
Armour         | 3 4 5 |  5.8
Dodging        | 2 3 |  3.2
Shields        | 1 2 3 |  3.2
Fighting       | 4 5 |  5.0
Maces & Flails | 4 |  4.5

Action                   |  1- 3 |  4- 6 |  7- 9 || total
-------------------------+-------+-------+-------++-------
Melee: Mace              |   102 |       |       ||   102
       Flail             |    19 |   233 |    86 ||   338
Invok: Berserk           |     1 |     1 |     3 ||     5
  Use: Scroll            |     4 |     3 |       ||     7
 Stab: Sleeping          |       |     1 |       ||     1
Armor: Animal skin       |    49 |       |       ||    49
       Leather armour    |    26 |   129 |    30 ||   185
Dodge: Dodged            |    81 |   147 |    39 ||   267
Block: Buckler           |    21 |    60 |     7 ||    88
